 Dungeon Crawl Stone Soup version 0.28.0-53-g5a82cb258f (webtiles) character file.

Game seed: 5401589806002329872

18281 KamiKatze the Destroyer (level 12, -6/68 HPs)
             Began as a Gargoyle Conjurer on July 22, 2022.
             Was an Elder of Vehumet.
             Mangled by a komodo dragon (16 damage)
             ... on level 2 of the Lair of Beasts on July 23, 2022.
             The game lasted 00:55:46 (12062 turns).

KamiKatze the Destroyer (Gargoyle Conjurer)        Turns: 12062, Time: 00:55:47

Health: -6/68      AC: 17    Str: 11    XL:     12   Next: 56%
Magic:  2/25       EV: 12    Int: 24    God:    Vehumet [****..]
Gold:   675        SH:  3    Dex:  8    Spells: 11/29 levels left

rFire   + . .      SeeInvis .   c - +9 lance "Wyrmbane" {slay drac, rPois rF+ rC+ AC+3}
rCold   + + .      Faith    .   I - +0 buckler
rNeg    + + .      Spirit   .   q - +2 robe {rC+}
rPois   ∞          Reflect  .   (no helmet)
rElec   +          Harm     .   t - +1 cloak
rCorr   .          Rampage  .   (no gloves)
Will    .....                   (no boots)
Stlth   +++.......              (no amulet)
HPRegen 0.21/turn               l - ring of flight
MPRegen 0.19/turn               x - ring of positive energy

@: flying, studying Polearms
A: sickness immunity, AC +8, negative energy resistance 1, electricity
resistance, torment resistance 1, petrification resistance
a: Renounce Religion


You were on level 2 of the Lair of Beasts.
You worshipped Vehumet.
Vehumet was greatly pleased with you.
You visited 3 branches of the dungeon, and saw 14 of its levels.

You collected 675 gold pieces.

Inventory:

Hand Weapons
 c - the +9 lance "Wyrmbane" (weapon) {slay drac, rPois rF+ rC+ AC+3}
   (You took it off Maggie on level 7 of the Dungeon)

   It inflicts extra damage against dragons and draconians.
   AC:        It affects your AC (+3).
   rF:        It protects you from fire.
   rC:        It protects you from cold.
   rPois:     It protects you from poison.
 w - the +7 Throatcutter {drain, coup de grace}
   (You took it off Terence on level 3 of the Dungeon)

   A truly terrible weapon, it drains the life of any living foe it strikes.
   It may instantly kill foes which have little health.
Missiles
 e - 318 stones
 h - 5 atropa-tipped darts
 j - 31 poisoned darts (quivered)
 F - a throwing net
Armour
 d - +0 acid dragon scales
 q - a +2 robe of cold resistance (worn)
 t - a +1 cloak (worn)
 I - a +0 buckler (worn)
Magical Staves
 a - a staff of air
Jewellery
 l - a ring of flight (left hand)
 x - a ring of positive energy (right hand)
 A - a ring of fire
Wands
 b - a wand of iceblast (2)
 i - a wand of acid (6)
 k - a wand of mindburst (5)
 B - a wand of paralysis (10)
 C - a wand of polymorph (5)
 D - a wand of flame (18)
Scrolls
 f - 2 scrolls of enchant weapon
 m - 2 scrolls of teleportation
 p - 2 scrolls of vulnerability
 r - 3 scrolls of enchant armour
 s - 2 scrolls of torment
 y - 2 scrolls of fog
 E - a scroll of amnesia
 H - a scroll of magic mapping
Potions
 g - 2 potions of haste
 n - a potion of brilliance
 o - 2 potions of magic
 u - 4 potions of curing
 v - 2 potions of attraction
 z - 3 potions of degeneration
 G - a potion of ambrosia


   Skills:
 + Level 4.8 Fighting
 + Level 5.4 Polearms
 - Level 4.0 Dodging
 + Level 5.5 Stealth
 * Level 1.0 Shields
 * Level 9.0 Spellcasting
 * Level 11.1 Conjurations
 * Level 8.1 Hexes
 * Level 8.1 Translocations
 * Level 2.0 Poison Magic


You had 11 spell levels left.
You knew the following spells:

 Your Spells              Type           Power      Damage    Failure   Level
a - Magic Dart            Conj           100%       1d8       1%          1
b - Searing Ray           Conj           100%       2d8       1%          2
c - Fulminant Prism       Conj/Hex       27%        3d14      1%          4
d - Iskenderun's Mystic   Conj/Tloc      54%        2d12      1%          4
e - Mephitic Cloud        Conj/Pois/Air  31%        N/A       1%          3
f - Olgreb's Toxic Radia  Pois           20%        N/A       10%         4

Your spell library contained the following spells:

 Spells                   Type           Power      Damage    Failure   Level
 Dazzling Flash           Conj/Hex       100%       N/A       1%          3
 Inner Flame              Hex/Fire       30%        N/A       1%          3
 Iskenderun's Battlesphe  Conj           59%        2d11      1%          5
 Cause Fear               Hex            25%        N/A       2%          4
 Irradiate                Conj/Tmut      18%        3d19      6%          5
 Lightning Bolt           Conj/Air       18%        1d33      6%          5
 Animate Skeleton         Necr           20%        N/A       8%          1
 Pain                     Necr           40%        1d6       8%          1
 Vampiric Draining        Necr           10%        2d6       24%         3
 Blade Hands              Tmut           5%         N/A       91%         5
 Dragon Form              Tmut           5%         N/A       100%        7
 Discord                  Hex            25%        N/A       100%        8
 Summon Horrible Things   Summ           5%         N/A       100%        8


Dungeon Overview and Level Annotations

Branches:
Dungeon (11/15)            Temple (1/1) D:5            Lair (2/6) D:9
  Swamp: Lair:2-4    Shoals: Lair:2-4     Snake: Lair:2-4    Spider: Lair:2-4
    Orc: D:9-12

Altars:
Ashenzari
Cheibriados
Dithmenos
Elyvilon
Fedhas
Gozag
Hepliaklqana
Kikubaaqudgha
Makhleb
Nemelex Xobeh
Okawaru
Qazlal
Ru
Sif Muna
Trog
Uskayaw
Vehumet
Wu Jian
Xom
Yredelemnul
Zin
The Shining One

Shops:
D:5 *

Annotations:
D:11 1 runed translucent door, exclusion: door


Innate Abilities, Weirdness & Mutations

You are immune to sickness and miasma.
Your stone body is resilient. (AC +8)
You are immune to poison.
You resist negative energy. (rN+)
You are resistant to electric shocks. (rElec)
You are resistant to unholy torment.
You are immune to petrification.


Message History

You feel your power returning.
The blast of energy engulfs the water moccasin!!
You kill the water moccasin!
Vehumet accepts your kill.
You feel your power returning.
The blast of energy engulfs the komodo dragon!
The komodo dragon is heavily wounded.
The komodo dragon bites you!!
* * * LOW HITPOINT WARNING * * *
You hear an angry hiss.
Your Shields skill increases to level 1!
Your Spellcasting skill increases to level 9!
Your Poison Magic skill increases to level 2!
You see here 16 gold pieces.
Unknown command.
Casting: Fulminant Prism (safe; 1% risk of failure)
Confirm with . or Enter, or press ? or * to list all spells.
You erupt in a blast of force!
The mystic blast hits the komodo dragon!!
The komodo dragon is almost dead.
The komodo dragon is knocked back by the mystic blast.
The mystic blast hits the komodo dragon.
The komodo dragon is heavily wounded.
The komodo dragon is knocked back by the mystic blast.
You feel yourself speed up.
Unknown command.
Casting: Iskenderun's Mystic Blast (safe; 1% risk of failure)
Confirm with . or Enter, or press ? or * to list all spells.
Aiming: Fulminant Prism (safe; 1% risk of failure)
Press: ? - help, Dir - move target You conjure a prism of explosive energy!
A fulminant prism comes into view.
The cane toad barely misses you.
A water moccasin comes into view.
The komodo dragon bites your fulminant prism!!
Your fulminant prism detonates feebly.
The cane toad stings you!
* * * LOW HITPOINT WARNING * * *
The komodo dragon bites you!
You die...

..............
.............
............
......... #
....S.. # ## .#.
#...P .##P.#
...##...##......
#.....#...#.......
.....#...F@# ...
#....##..l#.......
#..#....l###..#.#
###........#.#.##
.................
..................
......†...........
.................
.#.#..............


You could see 2 komodo dragons, a cane toad and a water moccasin.

Vanquished Creatures
  Harold (Lair:1)
  Erica (Lair:1)
  2 two-headed ogres
  A deep elf pyromancer (D:8)
  A torpor snail (Lair:2)
  A black mamba (Lair:1)
  4 cane toads (Lair:1)
  3 komodo dragons
  2 trolls
  4 blink frogs (Lair:1)
  Prince Ribbit (D:7)
  A hornet (D:9)
  2 dream sheep (Lair:2)
  A wraith (D:8)
  A shadow (D:10)
  A wyvern (D:9)
  22 yaks
  A vampire (D:10)
  3 basilisks
  A steam dragon (D:8)
  Grum (D:10)
  A vampire mosquito (D:8)
  An acid dragon (D:11)
  8 water moccasins
  7 orc warriors
  2 ice beasts
  2 sky beasts
  3 ogres
  2 necrophages
  3 wolves (D:10)
  3 centaurs
  2 kobold brigands
  8 bullfrogs
  A gnoll sergeant (D:10)
  4 scorpions
  A water moccasin zombie (D:6)
  2 water moccasin skeletons (D:5)
  11 wights
  2 howler monkeys
  3 bullfrog zombies
  4 centaur zombies
  A bullfrog skeleton (D:7)
  6 hounds
  A gnoll shaman (D:7)
  6 orc priests
  Terence (D:3)
  4 iguanas
  10 orc wizards
  3 hell rats (Lair:1)
  A hound skeleton (D:4)
  3 howler monkey zombies
  10 gnolls
  A howler monkey skeleton (D:5)
  5 adders
  2 river rats (Lair:1)
  2 white imps
  An ufetubus (D:5)
  2 worms (D:4)
  2 dart slugs
  33 orcs
  8 endoplasms
  4 giant cockroaches
  4 goblins
  10 hobgoblins
  12 kobolds
  3 quokkas
  9 ball pythons
  6 bats
  2 frilled lizards (D:1)
  12 rats
289 creatures vanquished.

Vanquished Creatures (collateral kills)
  Maggie (D:7)
1 creature vanquished.

Vanquished Creatures (others)
  104 fulminant prisms
  7 fungi
  43 plants
154 creatures vanquished.

Grand Total: 444 creatures vanquished

Notes
Turn   | Place    | Note
-------+----------+-------------------------------------------
     0 | D:1      | KamiKatze the Gargoyle Conjurer began the quest for the
                  | Orb.
     0 | D:1      | Reached XP level 1. HP: 10/10 MP: 3/3
   173 | D:1      | Reached XP level 2. HP: 15/15 MP: 3/5
   382 | D:1      | Learned a level 2 spell: Searing Ray
   549 | D:1      | Reached XP level 3. HP: 19/19 MP: 6/6
   796 | D:2      | Got the Guide on Combat Magic and the Entourage
   865 | D:2      | Reached skill level 5 in Conjurations
  1509 | D:3      | Found a faded altar of an unknown god.
  1653 | D:3      | Noticed Terence
  1693 | D:3      | Killed Terence
  1694 | D:3      | Reached XP level 4. HP: 24/24 MP: 4/8
  2077 | D:4      | Learned a level 4 spell: Fulminant Prism
  2143 | D:4      | Reached XP level 5. HP: 28/28 MP: 4/9
  2250 | D:4      | Reached skill level 1 in Hexes
  2310 | D:4      | Reached skill level 1 in Translocations
  2336 | D:4      | Noticed an ogre
  2513 | D:5      | Entered Level 5 of the Dungeon
  2522 | D:5      | Reached XP level 6. HP: 15/32 MP: 9/11
  2588 | D:5      | Learned a level 4 spell: Iskenderun's Mystic Blast
  2592 | D:5      | Found a shadowy altar of Dithmenos.
  2592 | D:5      | Noticed an ice beast
  2632 | D:5      | Noticed a sky beast
  2698 | D:5      | Killed a sky beast
  2756 | D:4      | Reached skill level 6 in Conjurations
  2931 | D:5      | Reached XP level 7. HP: 36/36 MP: 6/13
  3338 | D:5      | Found Vuwke's CLEARANCE SALE!.
  3379 | D:5      | Found a staircase to the Ecumenical Temple.
  3396 | Temple   | Entered the Ecumenical Temple
  3730 | Temple   | Became a worshipper of Vehumet
  4170 | D:6      | Reached XP level 8. HP: 22/41 MP: 8/14
  4496 | D:6      | Reached skill level 7 in Conjurations
  4516 | D:6      | Reached skill level 5 in Spellcasting
  4735 | D:6      | Reached * piety under Vehumet
  4735 | D:6      | Offered knowledge of Sandblast by Vehumet.
  5141 | D:7      | Reached XP level 9. HP: 45/45 MP: 11/17
  5491 | D:7      | Noticed a troll
  5498 | D:7      | Killed a troll
  5499 | D:7      | Reached skill level 8 in Conjurations
  5686 | D:7      | Noticed Prince Ribbit
  5694 | D:7      | Killed Prince Ribbit
  5732 | D:7      | Noticed Maggie
  5746 | D:7      | Killed Maggie
  5747 | D:7      | Reached skill level 5 in Hexes
  5747 | D:7      | Reached skill level 5 in Translocations
  5751 | D:7      | Noticed a two-headed ogre
  5760 | D:7      | Killed a two-headed ogre
  5761 | D:7      | Reached XP level 10. HP: 41/50 MP: 12/19
  6094 | D:7      | Offered knowledge of Foxfire by Vehumet.
  6449 | D:8      | Reached ** piety under Vehumet
  6581 | D:8      | Noticed a deep elf pyromancer
  6697 | D:8      | Reached skill level 9 in Conjurations
  6707 | D:8      | Reached skill level 1 in Fighting
  6720 | D:8      | Reached skill level 1 in Polearms
  7246 | D:8      | Killed a deep elf pyromancer
  7745 | D:9      | Offered knowledge of Inner Flame by Vehumet.
  8097 | D:9      | Found a staircase to the Lair.
  8141 | D:9      | Reached XP level 11. HP: 58/58 MP: 7/22
  8149 | D:9      | Reached *** piety under Vehumet
  8666 | D:10     | Entered Level 10 of the Dungeon
  8752 | D:10     | Noticed Grum
  8761 | D:10     | Killed Grum
  8762 | D:10     | Reached skill level 10 in Conjurations
  8806 | D:10     | Offered knowledge of Mephitic Cloud by Vehumet.
  9299 | D:10     | Identified the +7 rapier "Widowmaker" {drain, rPois rC+}
  9662 | D:10     | Noticed a two-headed ogre
  9674 | D:10     | Killed a two-headed ogre
 10022 | D:11     | Noticed a death knight
 10027 | D:11     | Noticed a skeletal warrior
 10107 | D:11     | Found a runed translucent door.
 10133 | D:11     | Noticed a boulder beetle
 10206 | D:10     | Learned a level 3 spell: Mephitic Cloud
 10391 | Lair:1   | Entered Level 1 of the Lair of Beasts
 10799 | Lair:1   | Reached **** piety under Vehumet
 10804 | Lair:1   | Reached XP level 12. HP: 66/66 MP: 9/24
 10964 | Lair:1   | Noticed Erica
 10971 | Lair:1   | Reached skill level 5 in Stealth
 10972 | Lair:1   | Reached skill level 5 in Polearms
 10978 | Lair:1   | Killed Erica
 10978 | Lair:1   | Offered knowledge of Olgreb's Toxic Radiance by Vehumet.
 10987 | Lair:1   | Learned a level 4 spell: Olgreb's Toxic Radiance
 11007 | Lair:1   | Noticed Harold
 11108 | Lair:1   | Killed Harold
 11109 | Lair:1   | Reached skill level 11 in Conjurations
 11109 | Lair:1   | Reached skill level 1 in Poison Magic
 12057 | Lair:2   | Reached skill level 1 in Shields
 12062 | Lair:2   | Mangled by a komodo dragon

Illustrated notes

Levels and vault maps discovered:
D:1:      minmay_arrival_pointy, layout_rooms
D:2:      layout_rooms
D:3:      layout_loops_ring, ebering_ecumenical_altar_webs, uniq_terence
D:4:      layout_basic
D:5:      layout_loops_corners, mainiacjoe_overflow_cross_hatched,
          minmay_temple_entry_poolview, nicolae_shop_clearance
D:6:      layout_loops_ring
D:7:      layout_basic, hangedman_abyss_or_decor_stagger, uniq_maggie,
          uniq_prince_ribbit1
D:8:      layout_basic, dk_noncrumbling_4, minmay_manual_monstrance
D:9:      layout_roguey, david_lair_shrubbed, special_room [special_room_orc]
D:10:     layout_loops_ring, uniq_grum
D:11:     layout_big_octagon, david_orc_1_choice, lightli_airlock
Temple:   mainiacjoe_temple_circle_huts
Lair:1:   layout_chaotic_city, st_stairs_9, kennysheep_abandoned_house,
          grunt_megastairs_4, uniq_harold, uniq_erica
Lair:2:   hangedman_what_comes_after_a, layout_regular_city

Skill      XL: |  1  2  3  4  5  6  7  8  9 10 11 12 |
---------------+-------------------------------------+-----
Dodging        | 2 3 4 |  4.0
Conjurations   | 5 6 7 8 9 10 11 | 11.1
Spellcasting   | 3 4 5 6 7 8 9 |  9.0
Hexes          | 1 2 3 4 5 6 7 8 |  8.1
Translocations | 1 2 4 5 6 7 8 |  8.1
Stealth        | 4 5 |  5.5
Fighting       | 2 4 |  4.8
Polearms       | 2 4 5 |  5.4
Poison Magic   | 2 |  2.0
Shields        | 1 |  1.0

Action                   |  1- 3 |  4- 6 |  7- 9 | 10-12 || total
-------------------------+-------+-------+-------+-------++-------
Melee: Unarmed           |     5 |       |       |       ||     5
       Dagger            |    35 |       |       |       ||    35
       Long sword        |       |    31 |    30 |       ||    61
       Punch             |       |       |     1 |     6 ||     7
       Lance             |       |       |       |   279 ||   279
 Cast: Magic Dart        |    79 |     8 |    39 |    30 ||   156
       Searing Ray       |     1 |     5 |    33 |    23 ||    62
       Fulminant Prism   |       |       |     7 |    97 ||   104
       Iskenderun's Myst |       |       |     2 |    47 ||    49
       Mephitic Cloud    |       |       |       |     6 ||     6
  Use: Scroll            |       |       |    10 |    10 ||    20
 Stab: Sleeping          |       |       |       |     6 ||     6
       Confused          |       |       |       |     1 ||     1
Armor: Robe              |    19 |    16 |    21 |   137 ||   193
Dodge: Dodged            |    28 |    25 |    26 |   145 ||   224
